 Dungeon Crawl Stone Soup version 0.31-a0-1068-g5939ac1fb6 (webtiles) character file.

Game seed: 611039446606918763

316 night the Skirmisher (level 6, -3/35 HPs)
             Began as a Tengu Hunter on Nov 23, 2023.
             Slain by an ice beast (8 damage)
             ... on level 5 of the Dungeon.
             The game lasted 00:06:07 (2091 turns).

night the Skirmisher (Tengu Hunter)                 Turns: 2091, Time: 00:06:07

Health: -3/35      AC:  3    Str: 11    XL:     6   Next: 44%
Magic:  7/7        EV: 12    Int:  9    God:
Gold:   62         SH:  5    Dex: 20    Spells: 5/5 levels left

rFire   . . .        a - +1 shortbow
rCold   . . .        (shield currently unavailable)
rNeg    . . .        c - +0 leather armour
rPois   .            (helmet restricted)
rElec   .            (no cloak)
rCorr   .            (no gloves)
SInv    .            (boots unavailable)
Will    .....        e - amulet of reflection
Stlth   ++           l - ring of flight
HPRegen 0.25/turn    (no ring)
MPRegen 0.10/turn

%: reflection, acrobat
@: flying
A: beak, talons 3, acrobatic
a: no special abilities


You were on level 5 of the Dungeon.
You visited 1 branch of the dungeon, and saw 5 of its levels.

You collected 62 gold pieces.

Inventory:

Hand Weapons
 a - a +1 shortbow (weapon)
 n - a +0 orcbow
Missiles
 d - 33 stones
 h - 4 poisoned darts
Armour
 c - a +0 leather armour (worn)
Jewellery
 e - an amulet of reflection (around neck)
 g - a ring of wizardry
 l - a ring of flight (left hand)
 t - an amulet of guardian spirit
Scrolls
 b - a scroll of butterflies
 f - 2 scrolls of blinking
 i - 2 scrolls of silence
 j - 2 scrolls of enchant weapon
Potions
 k - a potion of resistance {unknown}
 m - a potion of haste {unknown}
 p - a potion of heal wounds


   Skills:
 + Level 2.2 Fighting
 + Level 8.0 Ranged Weapons
 + Level 2.4 Dodging
 + Level 1.4 Stealth


You had 5 spell levels left.
You didn't know any spells.
Your spell library contained the following spells:

 Spells                   Type           Power      Damage    Failure   Level
 Blink                    Tloc           0%         N/A       63%         2
 Lesser Beckoning         Tloc           0%         N/A       63%         2
 Momentum Strike          Conj/Tloc      0%         3d8       63%         2
 Hailstorm                Conj/Ice       0%         3d3       85%         3
 Volatile Blastmotes      Fire/Tloc      0%         2d10      85%         3
 Fulminant Prism          Conj/Hex       0%         3d5       99%         4
 Iskenderun's Mystic Bla  Conj/Tloc      0%         2d3       99%         4
 Summon Ice Beast         Ice/Summ       0%         N/A       99%         4
 Simulacrum               Ice/Necr       0%         N/A       100%        6


Dungeon Overview and Level Annotations

Branches:
Dungeon (6/15)
 Temple: D:4-7

Altars:


Innate Abilities, Weirdness & Mutations

You have a beak for a mouth.
You have claws for feet.
You can magically evade attacks while moving or waiting.


Message History

You fly upwards.
You hear the hiss of flowing sand.
There is an entrance to an ossuary on this level.
Hurry and find it before the portal is buried!
There is a stone staircase leading down here.
Okay, then.
An ice beast comes into view.
Found a scroll of immolation.
You shoot an arrow.
The arrow hits the ice beast but does no damage.
You shoot an arrow. The arrow barely misses the ice beast.
You shoot an arrow. The arrow barely misses the ice beast.
You shoot an arrow.
The arrow hits the ice beast but does no damage.
You shoot an arrow. The arrow hits the ice beast.
The ice beast is moderately wounded.
You shoot an arrow.
The arrow hits the ice beast but does no damage.
The ice beast is moderately wounded.
You shoot an arrow.
The arrow hits the ice beast but does no damage.
The ice beast is moderately wounded.
The ice beast completely misses you.
You shoot an arrow. The arrow barely misses the ice beast.
The ice beast hits you. The ice beast freezes you!
You shoot an arrow. The arrow hits the ice beast.
The ice beast is heavily wounded.
The ice beast hits you. The ice beast freezes you.
You are too injured to fight recklessly!
You are too injured to fight recklessly!
You shoot an arrow. The arrow barely misses the ice beast.
The ice beast hits you but does no damage.
You shoot an arrow. The arrow closely misses the ice beast.
The ice beast hits you. The ice beast freezes you.
* * * LOW HITPOINT WARNING * * *
You shoot an arrow. The arrow hits the ice beast!
The ice beast is severely wounded.
The ice beast hits you.
* * * LOW HITPOINT WARNING * * *
The ice beast freezes you!
You die...

#....
#.......
#..#...
......
#.#.. #
#.#.##.#
#..Y...##.#
#..@......?
#.>....##.#
#......#
#......#
######.#
... ###


You could see an ice beast.

Vanquished Creatures
  A water moccasin (D:6)
  A centaur (D:6)
  Blork the orc (D:6)
  2 adders (D:2)
  7 orcs (D:3)
  5 bats
  3 giant cockroaches
  2 goblins (D:2)
  4 hobgoblins
  4 jackals (D:2)
  2 quokkas (D:1)
  2 ball pythons
  A frilled lizard (D:1)
  5 kobolds
  5 rats
45 creatures vanquished.

Notes
Turn   | Place    | Note
-------+----------+-------------------------------------------
     0 | D:1      | night the Tengu Hunter began the quest for the Orb.
     0 | D:1      | Reached XP level 1. HP: 12/12 MP: 2/2
   249 | D:1      | Reached XP level 2. HP: 17/17 MP: 3/3
   693 | D:1      | Reached skill level 5 in Ranged Weapons
   850 | D:2      | Found a faded altar of an unknown god.
  1077 | D:2      | Reached XP level 3. HP: 18/21 MP: 4/4
  1659 | D:3      | Reached XP level 4. HP: 26/26 MP: 5/5
  1679 | D:3      | Reached skill level 6 in Ranged Weapons
  1740 | D:3      | You are sucked into a shaft and drop 3 floors!
  1768 | D:6      | Noticed Blork the orc
  1769 | D:6      | Noticed a centaur
  1781 | D:6      | Killed Blork the orc
  1782 | D:6      | Reached XP level 5. HP: 20/30 MP: 6/6
  1808 | D:6      | Killed a centaur
  1809 | D:6      | Reached skill level 7 in Ranged Weapons
  1922 | D:6      | Noticed a water moccasin
  1965 | D:6      | Killed a water moccasin
  1966 | D:6      | Reached skill level 8 in Ranged Weapons
  1966 | D:6      | Reached XP level 6. HP: 13/35 MP: 7/7
  2078 | D:5      | Entered Level 5 of the Dungeon
  2079 | D:5      | Noticed an ice beast
  2091 | D:5      | HP: 5/35 [ice beast (2)]
  2091 | D:5      | Slain by an ice beast

Illustrated notes

Levels and vault maps discovered:
D:1:      dpeg_arrival_simpleton_a, layout_basic,
          nicolae_concentric_dashed_squares_wild
D:2:      layout_basic, ebering_ecumenical_altar_petrified
D:3:      layout_rooms, kennysheep_slug_shrine, lemuel_crystal_altar,
          minmay_statues_item, uniq_jessica
D:5:      layout_loops_cross, minmay_temple_entry_nine_rooms, enter_ossuary_1,
          minmay_shop_enchanted_jewellery
D:6:      layout_basic, nicolae_vehumet_radiance, fedhas_ov_isle_minmay,
          mainiacjoe_overflow_boulevard, uniq_blork_the_orc

Skill      XL: |  1  2  3  4  5 |
---------------+----------------+-----
Ranged Weapons | 5 6 8 |  8.0
Fighting       | |  2.2
Dodging        | |  2.4
Stealth        | |  1.4

Action                     |  1- 3 |  4- 6 || total
---------------------------+-------+-------++-------
   Fire: Shortbow          |    92 |    57 ||   149
    Use: Scroll            |       |     7 ||     7
         Potion            |       |     4 ||     4
 Armour: Leather armour    |     5 |    22 ||    27
         Skin              |       |    18 ||    18
  Dodge: Dodged            |    12 |    19 ||    31
  Block: Other             |     3 |     8 ||    11

Table legend: (Time is in decaauts)
 A = Elapsed time spent in this place.
 B = Non-inter-level travel time spent in this place.
 C = Inter-level travel time spent in this place.
 D = Time resting spent in this place.
 E = Time spent auto-exploring this place.
 F = Levels seen in this place.
 G = Mean time per level.
                   A        B        C        D        E       F      G
               +--------+--------+--------+--------+--------+-----+--------+
         Total |   2111 |   2076 |     35 |    224 |   1474 |   5 |  422.2 |
       Dungeon |   2111 |   2076 |     35 |    224 |   1474 |   5 |  422.2 |
               +--------+--------+--------+--------+--------+-----+--------+

Top non-repeatable levels by time:
     D:1: 848 daAuts
     D:2: 777 daAuts
     D:6: 340 daAuts
     D:3: 131 daAuts
     D:5: 13 daAuts
